 Dungeon Crawl Stone Soup version 0.32-a0-938-g40ac7a0 (webtiles) character file.

Game seed: 11451072566175843222

21489 Girthnturf the Martial Artist (level 12, -9/73 (84) HPs)
             Began as an Octopode Shapeshifter on Apr 20, 2024.
             Was a High Priest of Dithmenos.
             Killed from afar by Nergalle (30 damage)
             ... with a bolt of negative energy
             ... on level 1 of the Lair of Beasts on Apr 21, 2024.
             The game lasted 00:36:42 (15053 turns).

Girthnturf the Martial Artist (OpSh)               Turns: 15053, Time: 00:36:42

HP:   -9/73 (84)    AC:  1    Str: 26    XL:     12   Next: 90%
MP:   12/12         EV: 16    Int: 13    God:    Dithmenos [*****.]
Gold: 1047          SH:  5    Dex: 15    Spells: 11/11 levels left

rFire   . .          .
                       - Unarmed
rCold   + + .        (no shield)
rNeg    . . .        (helmet currently unavailable)
rPois   +            k - amulet of reflection
rElec   +            f - +6 ring of strength
rCorr   .            q - +6 ring of strength
SInv    .            n - ring of willpower
Will    ++...        s - ring of willpower
Stlth   ++++++++     v - ring of flight
HPRegen 0.32/turn    M - ring of Irexasor {rElec rPois rC++}
MPRegen 0.13/turn    (no ring)
                     (no ring)

%: reflection
@: beast-form, flying, wreathed by umbra, heavily drained
A: beast (slay +4), almost no armour, amphibious, 8 rings, camouflage 1,
gelatinous body 1, (nimble swimmer 1), tentacles
a: Begin Untransformation, Renounce Religion, Shadow Step, Shadow Form


You were on level 1 of the Lair of Beasts.
You worshipped Dithmenos.
Dithmenos was extremely pleased with you.
You were a hulking beast.
You visited 3 branches of the dungeon, and saw 12 of its levels.
You also visited: Sewer, Ossuary, Bailey and Ice Cave.

You collected 1047 gold pieces.

Inventory:

Hand Weapons
 L - the +4 arbalest of the Saviour {penet, Str+2 Int+2}
   (You took it off an orc warrior in a bailey)

   Str+2:     It affects your strength (+2).
   Int+2:     It affects your intelligence (+2).
Missiles
 K - 12 atropa-tipped darts (quivered)
Armour
 y - a scarf of harm
 D - a +0 cloak
 N - +0 swamp dragon scales
 P - a +2 cloak
Jewellery
 f - a +6 ring of strength (left tentacle)
 k - an amulet of reflection (around mantle)
 n - a ring of willpower (on tentacle)
 q - a +6 ring of strength (right tentacle)
 s - a ring of willpower (on tentacle)
 v - a ring of flight (on tentacle)
 B - an amulet of regeneration
 E - an amulet of magic regeneration
 M - the ring of Irexasor (on tentacle) {rElec rPois rC++}
   (You found it on level 7 of the Dungeon)

   [ring of poison resistance]

   rC++:      It greatly protects you from cold.
   rElec:     It insulates you from electricity.
   rPois:     It protects you from poison.
 R - the ring "Deiritota" {rPois Dex+6}
   (You took it off an orc on level 9 of the Dungeon)

   [ring of poison resistance]

   Dex+6:     It affects your dexterity (+6).
   rPois:     It protects you from poison.
Talismans
 b - a beast talisman (active)
 c - a flux talisman
 O - a serpent talisman
Wands
 d - a wand of light (22)
 g - a wand of polymorph (11)
 H - a wand of mindburst (19)
 U - a wand of roots (7)
Scrolls
 i - 3 scrolls of fog
 j - 4 scrolls of identify
 o - 3 scrolls of teleportation
 p - 2 scrolls of fear
 w - a scroll of enchant weapon
 x - a scroll of amnesia
 z - a scroll of vulnerability
 A - 4 scrolls of poison
 F - 3 scrolls of revelation
 T - a scroll of blinking
Potions
 a - 3 potions of lignification
 e - 2 potions of degeneration
 h - a potion of brilliance
 l - 3 potions of might
 m - 2 potions of attraction
 r - 5 potions of heal wounds
 t - 2 potions of curing
 u - 2 potions of berserk rage
 C - a potion of cancellation
 I - a potion of resistance
 J - 5 potions of enlightenment


   Skills:
 + Level 8.5 Fighting
 + Level 8.8 Dodging
 - Level 8.2 Stealth
 * Level 13.0 Unarmed Combat
 + Level 10.4 Shapeshifting


You had 11 spell levels left.
You didn't know any spells.
Your spell library contained the following spells:

 Spells                   Type           Power      Damage    Failure   Level
 Apportation              Tloc           0%         N/A       30%         1
 Necrotise                Necr           0%         1d4       30%         1
 Sting                    Conj/Alch      0%         1d3       30%         1
 Summon Small Mammal      Summ           0%         N/A       30%         1
 Ensorcelled Hibernation  Hex/Ice        0%         N/A       43%         2
 Jinxbite                 Hex            0%         N/A       43%         2
 Mercury Vapours          Alch/Air       0%         N/A       43%         2
 Sublimation of Blood     Necr           0%         N/A       43%         2
 Mephitic Cloud           Conj/Alch/Air  0%         N/A       67%         3
 Passwall                 Erth           0%         N/A       67%         3
 Swiftness                Air            0%         N/A       67%         3
 Petrify                  Alch/Erth      0%         N/A       97%         4
 Alistair's Intoxication  Alch           0%         N/A       100%        5
 Freezing Cloud           Conj/Ice/Air   0%         6-21      100%        5
 Irradiate                Conj/Alch      0%         3d11      100%        5
 Sculpt Simulacrum        Ice/Alch       0%         N/A       100%        6
 Ozocubu's Refrigeration  Ice            0%         4d7       100%        7
 Polar Vortex             Ice            0%         N/A       100%        9


Dungeon Overview and Level Annotations

Branches:
Dungeon (10/15)            Temple (1/1) D:5            Lair (1/5) D:8
    Orc (0/2) D:9           Sewer (visited)         Ossuary (visited)
 Bailey (visited)           IceCv (visited)

Altars:
Ashenzari
Cheibriados
Dithmenos
Elyvilon
Fedhas
Gozag
Hepliaklqana
Kikubaaqudgha
Makhleb
Nemelex Xobeh
Okawaru
Qazlal
Sif Muna
Trog
Uskayaw
Vehumet
Wu Jian
Xom
Zin

Shops:
D:2 =   D:4 :   D:7 [

Annotations:
D:4 2 transporters, bignoob's ghost, weakling OpDe
Lair:1 Nergalle


Innate Abilities, Weirdness & Mutations

You are a hulking beast.
Your limbs bulge with bestial killing power. (Slay +4)
You cannot wear most types of armour.
You are amphibious.
You can wear up to eight rings at the same time.
Your skin changes colour to match your surroundings (Stealth+).
Your rubbery body absorbs attacks. (AC +1, EV +1)
((You are camouflaged when in or above water. (Stealth+)))
You have tentacles for arms and can constrict up to eight enemies at once.


Message History

Your shadow hits the bullfrog! You constrict the bullfrog!
You kill the bullfrog!
Dithmenos accepts your kill.
No target in view!
You now have 1035 gold pieces (gained 9).
r - 5 potions of heal wounds (gained 1)
You now have 1047 gold pieces (gained 12).
Nergalle, Lorekeeper of the Fallen comes into view.
She is wielding a +2 dagger of holy wrath.
Nergalle is nearby!
Found a runed flail.
Found 8 gold pieces.
Nergalle shouts!
Nergalle says, "I've lived long enough to see a hundred people like you fail."
Nergalle calls out: "Ugrim, Bogric, Brunolf - to me!"
The long-dead rise up around you.
Nergalle hits you with a +2 dagger of holy wrath.
The spectral orc knight closely misses you.
The spectral orc warrior barely misses you.
The spectral orc knight hits you from afar with a +0 halberd!!
You feel drained.
You bludgeon Nergalle! You grab Nergalle.
You squeeze Nergalle, but do no damage.
Nergalle is lightly wounded.
You constrict Nergalle, but do no damage.
Nergalle hits you with a +2 dagger of holy wrath.
You tentacle-slap Nergalle but do no damage.
You tentacle-slap Nergalle! You squeeze Nergalle.
Nergalle is heavily wounded.
You constrict Nergalle.
The spectral orc knight barely misses you.
The spectral orc knight misses you.
The spectral orc warrior hits you from afar with a +0 trident!
You feel drained.
Nergalle hits you with a +2 dagger of holy wrath!
* * * LOW HITPOINT WARNING * * *
You release your grip on Nergalle.
The spectral orc knight completely misses you.
Nergalle points at you and mumbles some strange words.
The bolt of negative energy hits you!!
You feel drained.
You die...

### ###.##### #
######P#.#...##.#
##.)............#
#...........o...##
.........=Z.h....#
.........Z......#
..........Z.....#
####...........#
##.##.##....#
##.#### #$..# ##
####..# #..#
##.##..#.## ...
##........# ..


You could see Nergalle, a spectral orc warrior (summoned) and 2 spectral orc
knights.

Vanquished Creatures
  A bog body (IceCv)
  A necromancer (IceCv)
  An orc knight (Bailey)
  2 ice statues (IceCv)
  3 cane toads (Lair:1)
  Jeremiah (D:9)
  Maggie (D:7)
  8 ice devils (IceCv)
  4 anaconda simulacra (IceCv)
  3 komodo dragons
  A troll (D:10)
  10 blink frogs (Lair:1)
  A shadow (D:10)
  A wyvern (Lair:1)
  A dire elephant simulacrum (IceCv)
  30 yaks
  A warg (D:9)
  Grum (D:10)
  2 harpy simulacra (IceCv)
  7 water moccasins
  Pargi (Sewer)
  13 orc warriors
  A hydra simulacrum (IceCv)
  A sky beast (D:7)
  2 ice beasts
  An ogre (D:6)
  2 wolves (D:10)
  A centaur (D:9)
  A phantom (D:4)
  2 kobold brigands (D:6)
  6 bullfrogs
  13 scorpions
  A brain worm (Sewer)
  3 wights (D:9)
  21 killer bees
  An elephant simulacrum (IceCv)
  6 howler monkeys
  5 centaur zombies (Ossuary)
  4 jellies
  3 hounds
  4 human zombies (Ossuary)
  7 orc priests
  4 iguanas
  3 sleepcaps
  Ijyb (D:3)
  Terence (D:3)
  3 scorpion zombies (Ossuary)
  6 orc wizards
  A spriggan simulacrum (IceCv)
  A wolf simulacrum (IceCv)
  3 mummies (Ossuary)
  18 gnolls
  11 adders
  A naga simulacrum (IceCv)
  3 river rats (D:5)
  A shadow imp (D:7)
  2 ufetubi (D:6)
  An adder zombie (Ossuary)
  8 ribbon worms
  3 dart slugs
  38 orcs
  6 ball pythons
  12 bats
  9 endoplasms
  4 giant cockroaches
  A gnoll zombie (Ossuary)
  9 hobgoblins
  2 jackals (D:2)
  29 kobolds
  3 quokkas
  4 ball python zombies (Ossuary)
  4 frilled lizards
  14 goblins
  3 jackal zombies (Ossuary)
  2 orc zombies (Ossuary)
  7 rats
397 creatures vanquished.

Notes
Turn   | Place    | Note
-------+----------+-------------------------------------------
     0 | D:1      | Girthnturf the Octopode Shapeshifter began the quest for
                  | the Orb.
     0 | D:1      | Reached XP level 1. HP: 13/13 MP: 1/1
   147 | D:1      | Reached XP level 2. HP: 18/18 MP: 2/2
   511 | D:1      | Reached skill level 1 in Stealth
   661 | D:1      | Reached XP level 3. HP: 23/23 MP: 3/3
   902 | D:2      | Found Isuenyte's Jewellery Shoppe.
  1299 | D:2      | Reached XP level 4. HP: 29/29 MP: 4/4
  1628 | D:3      | Found an ancient bone altar of Kikubaaqudgha.
  1635 | D:3      | Found a blossoming altar of Fedhas.
  2104 | D:3      | Reached XP level 5. HP: 7/34 MP: 5/5
  2334 | D:3      | Noticed Ijyb
  2482 | D:3      | Noticed Terence
  2484 | D:3      | Killed Ijyb
  2485 | D:3      | Reached skill level 4 in Unarmed Combat
  2648 | D:3      | Killed Terence
  3095 | D:4      | Noticed a water moccasin
  3099 | D:4      | Killed a water moccasin
  3100 | D:4      | Reached skill level 5 in Stealth
  3100 | D:4      | Reached XP level 6. HP: 39/39 MP: 6/6
  3196 | D:4      | Found Cilekl Ymoz's Self-Published Books.
  3341 | D:4      | Found a sand-covered staircase.
  3345 | Ossuary  | Entered an ossuary
  3363 | Ossuary  | Reached XP level 7. HP: 40/45 MP: 7/7
  3369 | Ossuary  | Reached skill level 5 in Unarmed Combat
  3733 | Ossuary  | Reached XP level 8. HP: 46/51 MP: 8/8
  3774 | Ossuary  | Reached skill level 6 in Unarmed Combat
  4236 | D:4      | Found a transporter.
  4238 | D:4      | Noticed bignoob's ghost (weakling OpDe)
  4239 | D:4      | Identified the +9 giant spiked club "Jofef" {flame, rF+++
                  | Will- SInv Stlth-}
  4243 | D:4      | Found a transporter.
  4474 | D:4      | Identified the +0 robe of Eternal Vigilance {rF+++ rC+++
                  | Will- Str-3}
  4715 | D:4      | Reached skill level 5 in Shapeshifting
  5258 | D:5      | Entered Level 5 of the Dungeon
  5265 | D:5      | Found a staircase to the Ecumenical Temple.
  5268 | D:5      | Reached skill level 7 in Unarmed Combat
  5293 | D:5      | Reached XP level 9. HP: 57/57 MP: 9/9
  5297 | Temple   | Entered the Ecumenical Temple
  5312 | Temple   | Became a worshipper of Dithmenos the Shadowed
  5392 | D:5      | Found a glowing drain.
  5396 | Sewer    | Entered a sewer
  5489 | Sewer    | Noticed Pargi
  5497 | Sewer    | Killed Pargi
  5573 | D:5      | Reached * piety under Dithmenos
  5909 | D:5      | Identified the +1 leather armour "Oruf" {Fly rC- Int+5
                  | Stlth+}
  6508 | D:6      | Reached ** piety under Dithmenos
  6609 | D:6      | Reached skill level 8 in Unarmed Combat
  7097 | D:7      | Found Rykel's Armour Shop.
  7101 | D:7      | Noticed Maggie
  7109 | D:7      | Killed Maggie
  7110 | D:7      | Reached skill level 5 in Dodging
  7170 | D:7      | Reached XP level 10. HP: 35/65 MP: 10/10
  7352 | D:7      | Reached skill level 5 in Fighting
  7428 | D:7      | Found a flagged portal.
  7438 | Bailey   | Entered a bailey
  7445 | Bailey   | Noticed an orc knight
  7542 | Bailey   | Reached *** piety under Dithmenos
  7608 | Bailey   | Identified the +4 arbalest of the Saviour {penet, Str+2
                  | Int+2}
  7611 | Bailey   | Killed an orc knight
  7612 | Bailey   | Reached skill level 9 in Unarmed Combat
  8066 | D:7      | Identified the ring of Irexasor {rElec rPois rC++}
  8720 | D:7      | You are sucked into a shaft and drop 3 floors!
  8720 | D:10     | Entered Level 10 of the Dungeon
  8876 | D:10     | Noticed Grum
  8891 | D:10     | Killed Grum
  9312 | D:10     | Reached skill level 10 in Unarmed Combat
  9312 | D:10     | Reached XP level 11. HP: 56/72 MP: 11/11
  9489 | D:10     | Found a glowing silver altar of Zin.
 10034 | D:9      | Identified the ring "Deiritota" {rPois Dex+6}
 10362 | D:8      | Found a staircase to the Lair.
 10366 | D:8      | Noticed a death yak
 10601 | D:9      | Found a staircase to the Orcish Mines.
 10628 | D:9      | Reached **** piety under Dithmenos
 10955 | D:9      | Noticed Jeremiah
 10963 | D:9      | Killed Jeremiah
 11893 | D:8      | Reached skill level 11 in Unarmed Combat
 12367 | Lair:1   | Entered Level 1 of the Lair of Beasts
 12553 | Lair:1   | Found a frozen archway.
 12558 | IceCv    | Entered an ice cave
 12959 | IceCv    | Reached ***** piety under Dithmenos
 12960 | IceCv    | Reached XP level 12. HP: 72/81 MP: 12/12
 13528 | IceCv    | Reached skill level 12 in Unarmed Combat
 13922 | IceCv    | Reached skill level 10 in Shapeshifting
 14712 | Lair:1   | Reached skill level 13 in Unarmed Combat
 15043 | Lair:1   | Noticed Nergalle
 15053 | Lair:1   | Killed from afar by Nergalle

Illustrated notes

Levels and vault maps discovered:
D:1:      dpeg_arrival_another_circle, layout_basic
D:2:      kb_forest_paths, layout_basic, serial_shops, nicolae_square_shop
D:3:      layout_loops_ring, grunt_temple_overflow_growth_and_decay,
          minmay_fountain_box, uniq_ijyb, uniq_terence
D:4:      layout_basic, gammafunk_ghost_smash, enter_ossuary_5,
          nicolae_custom_books, nicolae_underground_beach
D:5:      layout_loops_ring, minmay_temple_entry_statues_fountains,
          lightli_sewer_entry_pipes
D:6:      layout_loops_ring
D:7:      layout_gridville, enter_bailey_3, serial_shops,
          nicolae_shop_advertising_works [nicolae_subvault_shop_adworks],
          uniq_maggie
D:8:      layout_basic, nicolae_overflow_hidden_temple, dpeg_lair_monsters,
          lightli_minifort, uniq_joseph
D:9:      layout_irregular_city, david_orc_1_choice, serial_rivers,
          chequers_serial_rivers_large_b, chequers_serial_rivers_micro_e,
          chequers_serial_rivers_small_a, chequers_serial_rivers_micro_c,
          uniq_jeremiah
D:10:     layout_basic, nicolae_overflow_crystal_walls,
          grunt_temple_overflow_holy_war, serial_glass, glass_columns_a,
          glass_columns_a, glass_columns_b, glass_columns_b, glass_columns_a,
          glass_columns_a, serial_park_tiny_1, minmay_evil_grid, uniq_grum
Temple:   nicolae_temple_bog_church
Lair:1:   layout_cave_pods, portal_ice_cave_entry_pillars_1,
          chequers_serial_rivers_small_3, chequers_serial_rivers_room_b,
          cheibrodos_lair_reptile_den, lemuel_fruit_tree, uniq_nergalle

Skill      XL: |  1  2  3  4  5  6  7  8  9 10 11 12 |
---------------+-------------------------------------+-----
Stealth        | 1 2 3 5 6 8 |  8.2
Fighting       | 2 3 4 6 7 8 |  8.5
Unarmed Combat | 4 5 7 8 10 11 13 | 13.0
Dodging        | 4 5 6 7 8 |  8.8
Shapeshifting  | 5 6 8 9 10 | 10.4

Action                     |  1- 3 |  4- 6 |  7- 9 | 10-12 || total
---------------------------+-------+-------+-------+-------++-------
  Melee: Unarmed           |    65 |    62 |   254 |   477 ||   858
         Constrict         |    14 |    18 |    75 |    78 ||   185
         Tentacles         |    14 |    17 |    72 |   147 ||   250
         Punch             |       |     2 |    19 |    52 ||    73
  Throw: Dart              |       |       |       |     4 ||     4
  Evoke: Wand              |       |       |       |     8 ||     8
    Use: Scroll            |       |    12 |     4 |     6 ||    22
         Potion            |       |       |     1 |     1 ||     2
   Stab: Sleeping          |    14 |     7 |    25 |    27 ||    73
         Distracted        |       |     1 |     3 |     2 ||     6
         Fleeing           |       |       |     1 |       ||     1
 Armour: Skin              |    27 |    23 |    96 |   169 ||   315
  Dodge: Dodged            |    20 |    22 |    96 |   221 ||   359
  Block: Other             |       |    10 |    42 |    64 ||   116
         Reflection        |       |     1 |     1 |     4 ||     6

Table legend: (Time is in decaauts)
 A = Elapsed time spent in this place.
 B = Non-inter-level travel time spent in this place.
 C = Inter-level travel time spent in this place.
 D = Time resting spent in this place.
 E = Time spent auto-exploring this place.
 F = Levels seen in this place.
 G = Mean time per level.
                   A        B        C        D        E       F      G
               +--------+--------+--------+--------+--------+-----+--------+
         Total |  14913 |  14342 |    571 |   3756 |   7045 |  16 |  932.1 |
       Dungeon |  11011 |  10452 |    559 |   1696 |   6467 |  10 | 1101.1 |
        Temple |     27 |     15 |     12 |      0 |      0 |   1 |   27.0 |
          Lair |   1039 |   1039 |      0 |    472 |    320 |   1 | 1039.0 |
         Sewer |    134 |    134 |      0 |     39 |     41 |   1 |  134.0 |
       Ossuary |    626 |    626 |      0 |    205 |    121 |   1 |  626.0 |
        Bailey |    470 |    470 |      0 |    133 |     54 |   1 |  470.0 |
      Ice Cave |   1603 |   1603 |      0 |   1211 |     42 |   1 | 1603.0 |
               +--------+--------+--------+--------+--------+-----+--------+

Top non-repeatable levels by time:
     D:9: 1618 daAuts
   IceCv: 1603 daAuts
     D:4: 1531 daAuts
     D:7: 1422 daAuts
     D:3: 1374 daAuts
  Lair:1: 1039 daAuts
     D:2: 890 daAuts
     D:8: 889 daAuts
     D:6: 869 daAuts
    D:10: 848 daAuts
     D:1: 810 daAuts
     D:5: 755 daAuts
 Ossuary: 626 daAuts
  Bailey: 470 daAuts
   Sewer: 134 daAuts
